 Dungeon Crawl Stone Soup version 0.29.1-13-g9f3cf754e1 (webtiles) character file.

Game seed: 1511869514454460878

14 shadowmeld the Insei (level 2, -1/22 HPs)
             Began as a Djinni Transmuter on Jan 31, 2023.
             Frozen to death by an endoplasm (6 damage)
             ... on level 1 of the Dungeon.
             The game lasted 00:02:26 (478 turns).

shadowmeld the Insei (Djinni Transmuter)             Turns: 478, Time: 00:02:26

Health: -1/22      AC:  2    Str:  9    XL:     2   Next: 55%
Gold:   28         EV: 12    Int: 14    God:
                   SH:  0    Dex: 13

rFire   + + .      SeeInvis .     - Unarmed
rCold   x . .      Faith    .   (no shield)
rNeg    . . .      Spirit   .   a - +0 robe
rPois   ∞          Reflect  .   (helmet currently unavailable)
rElec   .          Harm     .   (no cloak)
rCorr   .          Rampage  .   (no gloves)
Will    .....                   (boots unavailable)
Stlth   +.........              (no amulet)
HPRegen 0.07/turn               (no ring)
MPRegen 0.00/turn               (no ring)

@: appendages (expiring), flying
A: horns 2, flying, sickness immunity, fire resistance 2, cold vulnerability 1,
float, innate caster, HP casting, extra vitality 1
a: End Transformation


You were on level 1 of the Dungeon.
You had temporarily grown beastly horns.
You visited 1 branch of the dungeon, and saw 1 of its levels.

You collected 28 gold pieces.

Inventory:

Armour
 a - a +0 robe (worn)
Scrolls
 d - a scroll of blinking {unknown}
 e - a scroll of poison {unknown}
 f - a scroll of vulnerability {unknown}
 g - 2 scrolls of amnesia {unknown}
Potions
 b - a potion of lignification
 c - a potion of resistance {unknown}


   Skills:
 * Level 1.2 Fighting
 * Level 2.4 Dodging
 + Level 3.3 Unarmed Combat
 * Level 1.7 Spellcasting


You couldn't memorise any spells.
You knew the following spells:

 Your Spells              Type           Power      Damage    Failure   Level
a - Beastly Appendage     Tmut           12%        N/A       12%         1
b - Wereblood             Tmut           6%         N/A       19%         2
c - Spider Form           Tmut/Pois      6%         N/A       34%         3
d - Ice Form              Ice/Tmut       6%         N/A       75%         4
Your spell library was empty.

Dungeon Overview and Level Annotations

Branches:
Dungeon (1/15)

Altars:

Shops:
D:1 (


Innate Abilities, Weirdness & Mutations

You have temporarily grown beastly horns.
You are flying.
You are immune to sickness and miasma.
You are immune to poison.
Your flesh is very heat resistant. (rF++)
You are vulnerable to cold. (rC-)
You float through the air rather than walking.
You learn spells naturally, not from books.
Your magical power is your life essence.
You have superior vitality. (+4 MHP)


Message History

The ball python bites you but does no damage.
The ball python constricts you.
You barely miss the ball python. The bat closely misses you.
The ball python closely misses you. The ball python constricts you.
Casting: Beastly Appendage (safe; 12% risk of failure)
Confirm with . or Enter, or press ? or * to list all spells.
You grow a pair of large bovine horns.
The bat hits you but does no damage.
The ball python bites you but does no damage.
The ball python constricts you.
You barely miss the ball python. The ball python barely misses you.
The ball python constricts you.
You closely miss the ball python. The bat hits you. The ball python bites you.
The ball python constricts you. The bat barely misses you.
You hit the ball python.
The ball python is heavily wounded.
Your transformation is almost over.
The bat barely misses you. The bat closely misses you.
The ball python bites you.
* * * LOW HITPOINT WARNING * * *
The ball python constricts you.
* * * LOW HITPOINT WARNING * * *
The bat barely misses you.
You escape the ball python's grasp.
The bat barely misses you. The bat hits you.
* * * LOW HITPOINT WARNING * * *
You closely miss the bat. Your headbutt misses the bat.
The bat hits you but does no damage.
You barely miss the bat. The bat closely misses you.
You hit the rat.
You kill the rat!
The bat hits you but does no damage.
You hit the ball python.
You kill the ball python!
The bat hits you but does no damage.
You hit the endoplasm.
The endoplasm is moderately wounded.
The bat misses you. The endoplasm freezes you.
You are frozen.
You feel a terrible chill!
You die...

....#....≈≈.....#
........≈_.≈....# #.
#..#....≈≈.....#
..####..#...........#
♣........#.........#.
♣....#.##.#.........#
♣.##.#...#l#.....#.#.
♣......#.##J#####.##
♣.♣♣..........@.....##
♣.♣♣..............>...
P.P♣....#.#........##.
♣♣..♣....#.#.)b.....#
.♣P..♣....#.#).......#
.♣♣.♣♣...............#
.##.#...#.#.#........#
............#........#
.#..#.#...............


You could see an endoplasm, a bat and a frilled lizard.

Vanquished Creatures
  A ball python (D:1)
  A bat (D:1)
  An endoplasm (D:1)
  A goblin (D:1)
  2 hobgoblins (D:1)
  A quokka (D:1)
  A frilled lizard (D:1)
  3 kobolds (D:1)
  2 rats (D:1)
13 creatures vanquished.

Vanquished Creatures (others)
  6 plants (D:1)
6 creatures vanquished.

Grand Total: 19 creatures vanquished

Notes
Turn   | Place    | Note
-------+----------+-------------------------------------------
     0 | D:1      | shadowmeld the Djinni Transmuter began the quest for the
                  | Orb.
     0 | D:1      | shadowmeld set off with the following spells memorised:
                  | Beastly Appendage, Wereblood, Spider Form, Ice Form.
     0 | D:1      | Reached XP level 1. HP: 17/17 MP: 0/0
   102 | D:1      | Found Moav's Antique Weapon Shop.
   106 | D:1      | Reached XP level 2. HP: 21/22 MP: 0/0
   452 | D:1      | Found a faded altar of an unknown god.
   478 | D:1      | Frozen to death by an endoplasm

Illustrated notes

Levels and vault maps discovered:
D:1:      lightli_arrival_isolated_outpost, layout_basic, serial_forest,
          infiniplex_forest_lined_2, infiniplex_forest_clump_double,
          infiniplex_forest_clump_curved, infiniplex_forest_lined_corner,
          infiniplex_forest_zigzag_1, infiniplex_forest_clump_long,
          infiniplex_forest_corner_1, infiniplex_forest_straight_5,
          serial_shops, nicolae_shop_statue_plus, nicolae_shop_behind_doors,
          nicolae_shop_window_shopping, shop,
          shapermc_ecumenical_altar_starsandcircs

Action                   || total
-------------------------++-------
Melee: Unarmed           ||    40
       Headbutt          ||     4
 Cast: Beastly Appendage ||     8
Armor: Robe              ||    20
Dodge: Dodged            ||    40
